 Dungeon Crawl Stone Soup version 0.25-a0-71-ge910a4a285 (webtiles) character file.

Game seed: 2073200874657287669, levelgen mode: deterministic

42 MrRokkomies the Ruffian (level 3, 0/33 HPs)
             Began as a Ghoul Monk on Nov 3, 2019.
             Slain by a worm (11 damage)
             ... on level 2 of the Dungeon.
             The game lasted 00:01:47 (687 turns).

MrRokkomies the Ruffian (Ghoul Monk)                 Turns: 687, Time: 00:01:47

Health: 0/33       AC:  2    Str: 15    XL:     3   Next: 56%
Magic:  2/2        EV: 12    Int:  5    God:
Gold:   59         SH:  0    Dex: 11    Spells: 2/2 levels left

rFire    . . .     SeeInvis .     - Unarmed
rCold    + . .     Gourm    .   (no shield)
rNeg     + + +     Faith    .   a - +0 robe
rPois    ∞         Spirit   .   (no helmet)
rElec    .         Reflect  .   (no cloak)
rCorr    .         Harm     .   (no gloves)
MR       .....                  (no boots)
Stlth    ++........             (no amulet)
HPRegen  0.00/turn              (no ring)
MPRegen  0.08/turn              (no ring)

@: rotting
A: rotting body, claws 1, carnivore, cold resistance 1, negative energy
resistance 3, inhibited regeneration, torment resistance, unbreathing
a: no special abilities


You were on level 2 of the Dungeon.
You were not hungry.

You visited 1 branch of the dungeon, and saw 2 of its levels.

You collected 59 gold pieces.

Inventory:

Armour
 a - a +0 robe (worn)
Potions
 e - a potion of mutation {unknown}
 g - a potion of curing {unknown}
Comestibles
 b - a ration
 h - a chunk of flesh


   Skills:
 * Level 4.2 Fighting
 - Level 2.6 Dodging
 - Level 2.1 Stealth
 * Level 4.2 Unarmed Combat


You had 2 spell levels left.
You didn't know any spells.
Your spell library was empty.

Dungeon Overview and Level Annotations

Branches:
Dungeon (2/15)

Altars:
Trog


Innate Abilities, Weirdness & Mutations

Your body is rotting away.
You thrive on raw meat.
You are immune to poison.
You have sharp fingernails.
You are carnivorous and can eat meat at any time.
Your flesh is cold resistant. (rC+)
You are immune to negative energy. (rN+++)
You do not regenerate when monsters are visible.
You are immune to unholy pain and torment.
You can survive without breathing.


Message History

The worm is heavily wounded.
The worm barely misses you.
You scratch the worm.
The worm is heavily wounded.
You scratch the worm.
The worm is heavily wounded.
The worm bites you!
You are too injured to fight recklessly!
You are too injured to fight recklessly!
You are too injured to fight recklessly!
You are too injured to fight recklessly!
You barely miss the worm.
The worm is heavily wounded.
The worm bites you!
You scratch the worm.
The worm is heavily wounded.
You scratch the worm.
The worm is almost dead.
The worm bites you!
You die...

.......
.......####
.......<..# .
..$.....#####8.#
#######.(.......
#.........
#......8.#
#......#_#
#@.....# #
#w##.#... ..#
.#.#.. .... .#
#.# ....# ......
..?#### #...


You could see a worm.

Vanquished Creatures
  An adder (D:2)
  An ooze (D:1)
  2 dart slugs (D:1)
  A bat (D:1)
  A giant cockroach (D:1)
  5 goblins
  3 hobgoblins (D:1)
  2 kobolds
  3 ball pythons (D:1)
  A frilled lizard (D:1)
  5 rats
25 creatures vanquished.

Notes
Turn   | Place    | Note
-------+----------+-------------------------------------------
     0 | D:1      | MrRokkomies the Ghoul Monk began the quest for the Orb.
     0 | D:1      | Reached XP level 1. HP: 19/19 MP: 0/0
    43 | D:1      | Reached XP level 2. HP: 10/26 MP: 1/1
   386 | D:1      | Reached XP level 3. HP: 32/33 MP: 2/2
   661 | D:2      | Found a bloodstained altar of Trog.
   687 | D:2      | Slain by a worm

Levels and vault maps discovered:
D:1:      elethiomel_arrival_shortcut, layout_basic
D:2:      layout_basic, minitemple, chequers_serial_rivers_room_b, uniq_sigmund

Skill      XL: |  1  2  3 |
---------------+----------+-----
Fighting       | 4 |  4.2
Unarmed Combat | 4 |  4.2
Dodging        | |  2.6
Stealth        | |  2.1

Action                   || total
-------------------------++-------
Melee: Unarmed           ||    72
  Use: Scroll            ||     3
 Stab: Sleeping          ||     5
  Eat: Chunk             ||     4
Armor: Robe              ||     9
Dodge: Dodged            ||    30

Table legend:
 A = Non-vault XP
 B = Vault XP
 C = Vault XP percentage of total XP
 D = Non-vault monster count
 E = Vault monster count
 F = Vault count percentage of total count
                 A         B        C        D         E       F
            +---------+---------+-------+---------+---------+-------
      Total |      61 |       0 |   0.0 |      25 |       0 |   0.0
            +---------+---------+-------+---------+---------+-------
        D:1 |      44 |       0 |   0.0 |      21 |       0 |   0.0
        D:2 |      17 |       0 |   0.0 |       4 |       0 |   0.0
            +---------+---------+-------+---------+---------+-------
